 Dungeon Crawl Stone Soup version 0.31.0-11-ge490571c62 (webtiles) character file.

Game seed: 18142026368363149739

46 qw the Shooter (level 3, 0/20 HPs)
             Began as a Deep Elf Hunter on Feb 4, 2024.
             Succumbed to an adder's poison
             ... on level 2 of the Dungeon.
             The game lasted 00:00:02 (767 turns).

qw the Shooter (Deep Elf Hunter)                     Turns: 767, Time: 00:00:03

Health: 0/20       AC:  3    Str: 10    XL:     3   Next: 46%
Magic:  5/5        EV: 12    Int: 13    God:
Gold:   52         SH:  0    Dex: 18    Spells: 2/2 levels left

rFire   . . .        a - +0 shortbow
rCold   . . .        (shield currently unavailable)
rNeg    . . .        c - +0 leather armour
rPois   .            (no helmet)
rElec   .            (no cloak)
rCorr   .            (no gloves)
SInv    .            (no boots)
Will    .....        (no amulet)
Stlth   ++           (no ring)
HPRegen 0.23/turn    (no ring)
MPRegen 0.09/turn

%: no passive effects
@: lethally poisoned (0 -> -7)
A: no striking features
a: no special abilities


You were on level 2 of the Dungeon.
You visited 1 branch of the dungeon, and saw 2 of its levels.

You collected 52 gold pieces.


   Skills:
 - Level 1.5 Fighting
 + Level 7.0 Ranged Weapons
 - Level 2.4 Dodging
 - Level 1.2 Stealth


You had 2 spell levels left.
You didn't know any spells.
Your spell library was empty.

Inventory:

Hand Weapons
 a - a +0 shortbow (weapon)
Armour
 c - a +0 leather armour (worn)
 e - a +0 ring mail
Scrolls
 b - a scroll of poison {unknown}
 g - 3 scrolls of fear {unknown}
Potions
 d - a potion of heal wounds {unknown}
 f - a potion of mutation

Dungeon Overview and Level Annotations

Branches:
Dungeon (2/15)

Altars:


Message History

The adder is moderately wounded.
The adder barely misses you.
You shoot an arrow. The arrow hits the adder.
The adder is heavily wounded.
The adder bites you but does no damage. The adder barely misses you.
A rat comes into view.
You shoot an arrow. The arrow closely misses the adder.
The rat squeaks loudly.
The adder misses you.
You shoot an arrow. The arrow closely misses the adder.
The adder bites you.
You are poisoned.
The adder poisons you! The adder barely misses you.
You shoot an arrow.
The arrow hits the adder but does no damage.
The adder is heavily wounded.
You feel sick. The adder closely misses you.
You shoot an arrow. The arrow closely misses the adder.
You feel sick. The adder barely misses you.
You shoot an arrow. The arrow hits the adder.
The adder is almost dead.
You feel sick. The adder bites you.
You are more poisoned.
The adder poisons you! The adder bites you but does no damage.
You shoot an arrow. The arrow hits the adder.
The adder is almost dead.
You feel sick. The adder bites you.
You are more poisoned.
The adder poisons you!
You shoot an arrow. The arrow barely misses the adder.
You feel very sick. The adder misses you. The rat closely misses you.
The adder bites you but does no damage.
You shoot an arrow.
The arrow hits the adder but does no damage.
The adder is almost dead.
You feel sick. The rat bites you but does no damage.
The adder barely misses you.
You shoot an arrow. The arrow barely misses the adder.
You die...

.. .. ...##.#########
..#..........#
##.........!..#
#..#..........# . #
##.##..........# (.##.
......S.$.....#
.....##.##...@r.....#
..
#........#>....%.....
. #.#...#%.........#
## #.#...............
.## #.#.###.......=###
..#####...# ##.....!.#
#.........# ..#.....#
..##......###.###...##
.####................


You could see an adder and a rat.

Vanquished Creatures
  2 adders (D:2)
  A dart slug (D:1)
  3 endoplasms
  2 giant cockroaches (D:1)
  2 goblins
  A hobgoblin (D:1)
  2 jackals (D:1)
  2 quokkas (D:1)
  2 ball pythons (D:1)
  A bat (D:1)
  5 frilled lizards
  A kobold (D:1)
  4 rats
28 creatures vanquished.

Notes
Turn   | Place    | Note
-------+----------+-------------------------------------------
     0 | D:1      | qw the Deep Elf Hunter began the quest for the Orb.
     0 | D:1      | Reached XP level 1. HP: 12/12 MP: 3/3
     0 | D:1      | 0 ||| qw: Version: 0.3-a-160-g6735b56
     0 | D:1      | 0 ||| qw: Game counter: 5009
     0 | D:1      | 0 ||| qw: Melee chars always use a shield: true
     0 | D:1      | 0 ||| qw: God list: Okawaru
     0 | D:1      | 0 ||| qw: Allow faded altars: false
     0 | D:1      | 0 ||| qw: Do Orc after clearing Dungeon:15 true
     0 | D:1      | 0 ||| qw: Do second Lair branch before Depths: true
     0 | D:1      | 0 ||| qw: Lair rune preference: random
     0 | D:1      | 0 ||| qw: Goals: Normal
     0 | D:1      | 0 ||| PLANNING D:1-11
   116 | D:1      | Reached XP level 2. HP: 16/16 MP: 4/4
   118 | D:1      | Reached skill level 6 in Ranged Weapons
   404 | D:1      | Found a faded altar of an unknown god.
   594 | D:1      | 594 ||| READING 2 scrolls labelled LOOTES OVOIC.
   594 | D:1      | 594 ||| IDENTIFYING sapphire potion
   595 | D:1      | 595 ||| READING scroll of identify.
   595 | D:1      | 595 ||| IDENTIFYING fizzy pink potion
   596 | D:1      | 596 ||| DROPPING scroll of butterflies.
   597 | D:1      | 597 ||| DROPPING potion of brilliance.
   637 | D:2      | Reached XP level 3. HP: 8/20 MP: 5/5
   638 | D:2      | HP: 5/20 [frilled lizard (1)]
   716 | D:2      | Reached skill level 7 in Ranged Weapons
   765 | D:2      | HP: 3/20 [poisoned by an adder]
   766 | D:2      | HP: 1/20 [poisoned by an adder]
   767 | D:2      | Succumbed to an adder's poison

Levels and vault maps discovered:
D:1:      minmay_arrival_four_loops, layout_basic,
          ebering_ecumenical_altar_petrified
D:2:      layout_rooms, minmay_strange_pillars, uniq_crazy_yiuf_cottage,
          uniq_terence

Skill      XL: |  1  2  3 |
---------------+----------+-----
Ranged Weapons | 6 7 |  7.0
Fighting       | |  1.5
Dodging        | |  2.4
Stealth        | |  1.2

Action                     || total
---------------------------++-------
   Fire: Shortbow          ||    92
    Use: Scroll            ||     2
 Armour: Leather armour    ||    29
  Dodge: Dodged            ||    26

Table legend:
 A = Non-vault XP
 B = Vault XP
 C = Vault XP percentage of total XP
 D = Non-vault monster count
 E = Vault monster count
 F = Vault count percentage of total count
                 A         B        C        D         E       F
            +---------+---------+-------+---------+---------+-------
      Total |      67 |       0 |   0.0 |      28 |       0 |   0.0
            +---------+---------+-------+---------+---------+-------
        D:1 |      34 |       0 |   0.0 |      21 |       0 |   0.0
        D:2 |      33 |       0 |   0.0 |       7 |       0 |   0.0
            +---------+---------+-------+---------+---------+-------
